 Dungeon Crawl Stone Soup version 0.24.1-11-gbbbb2193e6 (webtiles) character file.

Game seed: 985511602215043164, levelgen mode: deterministic

4323 Hugehornet the Cleaver (level 10, -6/70 HPs)
             Began as a Formicid Fighter on May 16, 2020.
             Was a Priest of Okawaru.
             Mangled by a seven-headed hydra (11 damage)
             ... on level 12 of the Dungeon.
             The game lasted 00:24:06 (10425 turns).

Hugehornet the Cleaver (Formicid Fighter)          Turns: 10425, Time: 00:24:07

Health: -6/70      AC: 14    Str: 24      XL:     10   Next: 58%
Magic:  3/3        EV:  5    Int:  6 (8)  God:    Okawaru [***...]
Gold:   499        SH:  9    Dex:  8 (10) Spells: 9/9 levels left

rFire    . . .     SeeInvis +   r - +2 flail (antimagic)
rCold    . . .     Gourm    .   c - +0 shield
rNeg     . . .     Faith    .   p - +0 plate armour
rPois    .         Spirit   .   (helmet unavailable)
rElec    .         Reflect  .   (no cloak)
rCorr    .         Harm     .   n - +0 pair of gloves
MR       +....     Clarity  +   (no boots)
Stlth    ..........             (no amulet)
HPRegen  0.21/turn              o - ring of wizardry
MPRegen  0.08/turn              (no ring)

@: no status effects
A: permanent stasis, dig shafts and tunnels, four strong arms, antennae 3, icy
blue scales 1, clarity, deterioration 1, sense surroundings 1
a: Dig, Shaft Self, Heroism, Renounce Religion


You were on level 12 of the Dungeon.
You worshipped Okawaru.
Okawaru was most pleased with you.
You were hungry.

You visited 2 branches of the dungeon, and saw 12 of its levels.

You collected 499 gold pieces.

Inventory:

Hand Weapons
 a - a +0 war axe
 r - a +2 antimagic flail (weapon)
 t - the +5 war axe "Sisanw Onur" {chaos, Int+2}
   (You found it on level 4 of the Dungeon)

   Each time it hits an enemy it has a different, random effect.
   It affects your intelligence (+2).
 u - a +2 hand axe of freezing
Armour
 c - a +0 shield (worn)
 n - a +0 pair of gloves (worn)
 p - a +0 plate armour (worn)
 s - a +1 scale mail of cold resistance
Jewellery
 o - a ring of wizardry (left hand)
Wands
 m - a wand of acid (8)
 v - a wand of random effects (15)
Scrolls
 b - a scroll of identify
 e - 9 scrolls of remove curse
 i - 5 scrolls of enchant weapon
 j - 3 scrolls of magic mapping
 k - 5 scrolls of amnesia
 l - 2 scrolls of fog
 q - 2 scrolls of enchant armour {unknown}
 x - a scroll of random uselessness {unknown}
 y - a scroll of vulnerability {unknown}
Potions
 d - 2 potions of curing
 g - a potion of flight
 h - a potion of brilliance
 w - 3 potions of magic
Miscellaneous
 A - a phantom mirror
Comestibles
 f - 15 rations


   Skills:
 - Level 3.2 Fighting
 + Level 14.2 Axes
 - Level 3.2 Armour
 - Level 3.6 Shields


You had 9 spell levels left.
You didn't know any spells.
Your spell library was empty.

Dungeon Overview and Level Annotations

Branches:
Dungeon (10/15)            Temple (1/1) D:5
   Lair: D:8-11         Orc: D:9-12

Altars:
Ashenzari
Cheibriados
Gozag
Okawaru
Ru
Sif Muna

Shops:
D:3 *   D:9 (

Annotations:
D:10 exclusions: electric eel, sensed monster (detected) and 9 more exclusions


Innate Abilities, Weirdness & Mutations

You cannot be hasted, slowed, berserked, paralysed or teleported.
You can dig through walls and to a lower floor.
Your four strong arms can wield two-handed weapons with a shield.
You have a pair of large antennae on your head. (SInv)
You are partially covered in icy blue scales. (AC +2)
You possess an exceptional clarity of mind.
Your body sometimes deteriorates upon taking damage.
You passively map a small area around you.


Message History

The seven-headed hydra bites you but does no damage.
The seven-headed hydra barely misses you.
The seven-headed hydra bites you but does no damage.
You block the seven-headed hydra's attack.
The seven-headed hydra bites you but does no damage. x2
The seven-headed hydra bites you!
* * * LOW HITPOINT WARNING * * *
Your body deteriorates!
You feel dopey.
You begin to dig a shaft.
You continue digging a shaft.
The seven-headed hydra bites you but does no damage.
The seven-headed hydra barely misses you.
The seven-headed hydra bites you.
* * * LOW HITPOINT WARNING * * *
The seven-headed hydra bites you!
* * * LOW HITPOINT WARNING * * *
Your body deteriorates!
You feel dopey.
You block the seven-headed hydra's attack.
The seven-headed hydra bites you but does no damage.
The seven-headed hydra bites you!
You die...

, * ** , , ,
,,,, * , * * ,
,, , , #######
*
#....D#########
#...@#.........
,
#....#.........
#....#....#####
* #....#......{
, , * *
###.##..#....#
, * #.
#..#...##, , ,
.. #..#..##* ,
*## #..#.## , ,
, ,


You could see a seven-headed hydra.

Vanquished Creatures
  A kobold demonologist (D:6)
  A troll (D:9)
  6 yaks (D:10)
  A hungry ghost (D:7)
  Edmund (D:4)
  2 ice beasts
  2 sky beasts
  3 orc warriors
  A phantom (D:5)
  2 ogres
  2 centaurs
  2 bullfrogs
  4 scorpions
  3 howler monkeys
  2 crimson imps
  2 quasits
  5 hounds
  A centaur skeleton (D:6)
  3 orc priests
  A bullfrog skeleton (D:5)
  3 iguanas
  Ijyb (D:4)
  8 orc wizards
  8 worker ants
  3 hound skeletons
  5 gnolls
  A howler monkey skeleton (D:5)
  9 adders
  2 shadow imps
  An ooze (D:1)
  3 worms
  A dart slug (D:3)
  2 leopard geckos
  40 orcs
  6 giant cockroaches
  4 goblins
  12 hobgoblins
  16 jackals
  4 kobolds
  4 quokkas
  2 ball pythons
  6 bats
  5 frilled lizards
  2 leopard gecko skeletons
  A quokka zombie (D:5)
  6 rats
200 creatures vanquished.

Vanquished Creatures (others)
  An orc (D:10)
1 creature vanquished.

Grand Total: 201 creatures vanquished

Notes
Turn   | Place    | Note
-------+----------+-------------------------------------------
     0 | D:1      | Hugehornet the Formicid Fighter began the quest for the
                  | Orb.
     0 | D:1      | Reached XP level 1. HP: 18/18 MP: 1/1
   101 | D:1      | Reached XP level 2. HP: 17/24 MP: 2/2
   277 | D:1      | Reached skill level 3 in Axes
   380 | D:1      | Reached XP level 3. HP: 25/29 MP: 3/3
  1840 | D:3      | Reached skill level 4 in Axes
  1840 | D:3      | Reached XP level 4. HP: 23/35 MP: 4/4
  2101 | D:3      | Found an opulent altar of Gozag.
  2109 | D:3      | Found Gozag's Platinum Reserve.
  2364 | D:3      | Reached XP level 5. HP: 34/41 MP: 5/5
  2476 | D:3      | Reached skill level 5 in Axes
  3279 | D:4      | Reached skill level 6 in Axes
  3279 | D:4      | Reached XP level 6. HP: 32/47 MP: 6/6
  3500 | D:4      | Noticed Edmund
  3524 | D:4      | Killed Edmund
  3699 | D:4      | Got a crystal war axe
  3700 | D:4      | Identified the +5 war axe "Sisanw Onur" {chaos, Int+2} (You
                  | found it on level 4 of the Dungeon)
  3734 | D:4      | Reached skill level 7 in Axes
  3734 | D:4      | Reached XP level 7. HP: 51/52 MP: 7/7
  3903 | D:4      | Noticed Ijyb
  3916 | D:4      | Killed Ijyb
  4283 | D:5      | Entered Level 5 of the Dungeon
  4299 | D:5      | Gained mutation: You are robust. (+10% HP) [potion of
                  | mutation]
  4299 | D:5      | Gained mutation: You have large cloven feet. [potion of
                  | mutation]
  4299 | D:5      | Gained mutation: You expend magic power (3 MP) to
                  | strengthen your wands. [potion of mutation]
  4300 | D:5      | Lost mutation: You are robust. (+10% HP) [potion of
                  | mutation]
  4300 | D:5      | Lost mutation: You expend magic power (3 MP) to strengthen
                  | your wands. [potion of mutation]
  4300 | D:5      | Lost mutation: You have large cloven feet. [potion of
                  | mutation]
  4300 | D:5      | Gained mutation: You are partially covered in icy blue
                  | scales. (AC +2) [potion of mutation]
  4300 | D:5      | Gained mutation: Your body sometimes deteriorates upon
                  | taking damage. [potion of mutation]
  4300 | D:5      | Gained mutation: You possess an exceptional clarity of
                  | mind. [potion of mutation]
  4300 | D:5      | Gained mutation: You passively map a small area around you.
                  | [potion of mutation]
  4367 | D:5      | Reached skill level 8 in Axes
  4432 | D:5      | Found a sacrificial altar of Ru.
  4512 | D:5      | Found a staircase to the Ecumenical Temple.
  4535 | D:5      | Reached XP level 8. HP: 29/58 MP: 8/8
  4540 | Temple   | Entered the Ecumenical Temple
  4754 | Temple   | Became a worshipper of Warmaster Okawaru
  4794 | D:5      | Reached skill level 9 in Axes
  5706 | D:6      | Reached * piety under Okawaru
  5718 | D:6      | Noticed a kobold demonologist
  5719 | D:6      | Noticed a rust devil
  5721 | D:6      | Noticed a sixfirhy
  5722 | D:6      | Noticed a hellwing
  5738 | D:6      | Noticed a soul eater
  5758 | D:6      | Noticed a red devil
  5763 | D:6      | Killed a kobold demonologist
  5763 | D:6      | Reached skill level 10 in Axes
  5763 | D:6      | Reached XP level 9. HP: 24/64 MP: 9/9
  6225 | D:6      | Reached ** piety under Okawaru
  6240 | D:6      | Reached skill level 11 in Axes
  7296 | D:7      | Found a snail-covered altar of Cheibriados.
  7609 | D:7      | Reached skill level 12 in Axes
  8694 | D:9      | Noticed a troll
  8773 | D:9      | Killed a troll
  8773 | D:9      | Reached XP level 10. HP: 67/70 MP: 7/10
  8981 | D:9      | Found Jiasm's Weapon Boutique.
  9038 | D:9      | Reached *** piety under Okawaru
  9038 | D:9      | Reached skill level 13 in Axes
  9247 | D:10     | Entered Level 10 of the Dungeon
  9935 | D:10     | Reached skill level 14 in Axes
 10194 | D:10     | You fall into a shaft and drop 2 floors!
 10421 | D:12     | Noticed a seven-headed hydra
 10425 | D:12     | Mangled by a seven-headed hydra

Levels and vault maps discovered:
D:1:      scummos_arrival_checkerplants, layout_basic
D:2:      layout_basic, item_on_display_a
D:3:      layout_rooms, nicolae_gozag_zags_fifth_avenue,
          kennysheep_generic_room_10
D:4:      layout_cave_pools, nicolae_underground_beach, uniq_edmund, uniq_ijyb
D:5:      layout_cave_pools, minmay_temple_entry_purple_smoke, first_ration,
          hangedman_ru_absence
D:6:      cheibrodos_barr_body, layout_loops_corners, amethyst_killhole
D:7:      layout_basic, cheibrodos_worm_habitat
D:8:      layout_gridville
D:9:      layout_loops_ring, serial_shops, shop
D:10:     layout_long_grid, erik_orc_2, hangedman_little_slice_of_home
D:12:     minmay_containers, layout_loops_cross, bloody_makhleb, uniq_fannar
Temple:   regret_index_temple_sigil_plot

Skill      XL: |  1  2  3  4  5  6  7  8  9 10 |
---------------+-------------------------------+-----
Axes           | 3 4 6 7 8 10 12 14 | 14.2
Fighting       | |  3.2
Armour         | |  3.2
Shields        | |  3.6

Action                   |  1- 3 |  4- 6 |  7- 9 | 10-12 || total
-------------------------+-------+-------+-------+-------++-------
Melee: War axe           |   118 |   134 |   460 |   168 ||   880
       Flail             |       |       |       |     1 ||     1
Invok: Heroism           |       |       |     2 |     3 ||     5
 Abil: Dig               |       |     1 |       |       ||     1
       Shaft Self        |       |       |       |     2 ||     2
Evoke: Wand              |       |       |     4 |       ||     4
  Use: Potion            |       |     1 |     8 |     3 ||    12
       Scroll            |       |       |    16 |       ||    16
 Stab: Invisible         |       |       |       |     7 ||     7
  Eat: Chunk             |     2 |     7 |    15 |     5 ||    29
       Ration            |       |       |     3 |       ||     3
Armor: Scale mail        |    48 |    21 |       |       ||    69
       Chain mail        |       |    39 |   232 |       ||   271
       Plate armour      |       |       |    12 |    63 ||    75
Dodge: Dodged            |    34 |    30 |   120 |    22 ||   206
Block: Shield            |    78 |    78 |   205 |    64 ||   425
